 Dungeon Crawl Stone Soup version 0.23.2-33-g5129a83184 (webtiles) character file.

Game seed: 2031379518912183672

322 Felnil the Ducker (level 6, -19/32 HPs)
             Began as a Spriggan Fighter on Aug 8, 2019.
             Was an Initiate of Dithmenos.
             Demolished by an ogre
             ... wielding a +0 giant club
              (30 damage)
             ... on level 4 of the Dungeon.
             The game lasted 00:09:19 (3222 turns).

Felnil the Ducker (Spriggan Fighter)                Turns: 3222, Time: 00:09:20

Health: -19/32     AC:  2    Str: 12    XL:     6   Next: 22%
Magic:  7/7        EV: 23    Int:  9    God:    Dithmenos [......]
Gold:   144        SH:  7    Dex: 18    Spells: 5/5 levels left

rFire    . . .     SeeInvis +   a - +1 rapier
rCold    + . .     Gourm    .   c - +1 buckler
rNeg     . . .     Faith    .   b - +0 robe
rPois    .         Spirit   .   (helmet restricted)
rElec    .         Reflect  .   (no cloak)
rCorr    .         Harm     .   (gloves unavailable)
MR       +....                  (boots unavailable)
Stlth    ++........             (no amulet)
HPRegen  0.10/turn              g - ring of protection from cold
MPRegen  0.10/turn              (no ring)

@: very quick
A: very small, unfitting armour, see invisible, herbivore, speed 3, slow
metabolism 2
a: Renounce Religion


You were on level 4 of the Dungeon.
You worshipped Dithmenos.
Dithmenos was noncommittal.
You were not hungry.

You visited 1 branch of the dungeon, and saw 4 of its levels.

You collected 144 gold pieces.

Inventory:

Hand Weapons
 a - a +1 rapier (weapon)
Armour
 b - a +0 robe (worn)
 c - a +1 buckler (worn)
Jewellery
 g - a ring of protection from cold (left hand)
Scrolls
 i - a scroll of random uselessness {unknown}
 k - 2 scrolls of identify
 m - 6 scrolls of teleportation
Potions
 d - 2 potions of might
 e - a potion of flight {unknown}
 h - 3 potions of curing
 j - a potion of brilliance
 p - a potion of degeneration {unknown}
Comestibles
 f - 3 rations


   Skills:
 - Level 2.4 Fighting
 + Level 5.3 Short Blades
 + Level 7.8 Dodging
 - Level 2.1 Shields


You had 5 spell levels left.
You didn't know any spells.
Your spell library was empty.

Dungeon Overview and Level Annotations

Branches:
Dungeon (4/15)
 Temple: D:4-7

Altars:
Ashenzari
Dithmenos


Innate Abilities, Weirdness & Mutations

You are very small and have problems with some larger weapons.
You are too small for most types of armour.
You have supernaturally acute eyesight. (SInv)
You are a herbivore.
You cover ground extremely quickly.
You need to consume almost no food.


Message History

The quokka barely misses you.
You hit the quokka.
The quokka is severely wounded.
The quokka barely misses you.
You hit the quokka.
You kill the quokka!
Dithmenos accepts your kill.
No target in view!
An ogre comes into view. It is wielding a +0 giant club.
The ogre shouts!
The ogre hits you with a +0 giant club!!
Ouch! That really hurt!
You are too injured to fight recklessly!
You are too injured to fight recklessly!
You hit the ogre but do no damage. You puncture the ogre!
The ogre is moderately wounded.
The ogre hits you with a +0 giant club!!
Ouch! That really hurt!
You die...

##..# ....# ... .##
....# .. .... ....#
..####.... ....#
......... ....#
......... ....#
#........ ....#
#O...# ....######
#@...#
.....#...#######....#
.....#...#......#####
#...##...#......#
#...###'##†.....#
+........'......#
#........#......#
#...###..#......#####
##### #########.....#


You could see an ogre.

Vanquished Creatures
  2 scorpions (D:4)
  2 orc wizards (D:4)
  A worker ant (D:4)
  6 adders
  An ooze (D:1)
  2 worms
  A dart slug (D:1)
  3 leopard geckos
  7 orcs
  2 giant cockroaches (D:1)
  8 goblins
  11 hobgoblins
  2 jackals (D:2)
  2 quokkas (D:4)
  A ball python (D:2)
  9 bats
  4 frilled lizards
  7 kobolds
  3 rats
74 creatures vanquished.

Notes
Turn   | Place    | Note
-------+----------+-------------------------------------------
     0 | D:1      | Felnil the Spriggan Fighter began the quest for the Orb.
     0 | D:1      | Reached XP level 1. HP: 11/11 MP: 2/2
     2 | D:1      | Noticed a ghoul
     6 | D:1      | Noticed a minotaur
    15 | D:1      | Noticed a vine stalker
    15 | D:1      | Noticed a minotaur
    19 | D:1      | Noticed a formicid
    67 | D:1      | Reached XP level 2. HP: 16/16 MP: 3/3
   115 | D:1      | Reached skill level 5 in Dodging
   334 | D:1      | Reached XP level 3. HP: 13/19 MP: 4/4
  1353 | D:2      | Found a faded altar of an unknown god.
  1404 | D:2      | Reached XP level 4. HP: 23/23 MP: 5/5
  1466 | D:2      | Reached skill level 6 in Dodging
  1484 | D:2      | Found a shattered altar of Ashenzari.
  2599 | D:3      | Reached XP level 5. HP: 27/27 MP: 6/6
  2707 | D:3      | Found a shadowy altar of Dithmenos.
  2714 | D:3      | Became a worshipper of Dithmenos the Shadowed
  2890 | D:4      | HP: 1/27 [scorpion (8)]
  2896 | D:4      | Reached skill level 7 in Dodging
  2931 | D:4      | Reached skill level 5 in Short Blades
  2967 | D:4      | Reached XP level 6. HP: 24/32 MP: 7/7
  3222 | D:4      | Demolished by an ogre

Skill      XL: |  1  2  3  4  5 |
---------------+----------------+-----
Dodging        | 5 6 7 |  7.8
Short Blades   | 3 4 5 |  5.3
Fighting       | |  2.4
Shields        | |  2.1

Action                   |  1- 3 |  4- 6 || total
-------------------------+-------+-------++-------
Melee: Rapier            |   127 |   107 ||   234
  Use: Scroll            |       |    10 ||    10
       Potion            |       |     2 ||     2
 Stab: Sleeping          |     1 |     5 ||     6
Armor: Robe              |    10 |     5 ||    15
Dodge: Dodged            |   115 |    88 ||   203
Block: Buckler           |    36 |    24 ||    60
